 Dungeon Crawl Stone Soup version 0.27-b1-2-g8387495791 (webtiles) character file.

Game seed: 11794373765293680675

551 Rallik the Cleaver (level 7, 0/59 HPs)
             Began as a Minotaur Fighter on July 25, 2021.
             Slain by a gnoll sergeant (2 damage)
             ... on level 8 of the Dungeon.
             The game lasted 00:07:02 (5432 turns).

Rallik the Cleaver (Minotaur Fighter)               Turns: 5432, Time: 00:07:04

Health: 0/59       AC: 10    Str: 23    XL:     7   Next: 7%
Magic:  6/6        EV: 12    Int:  5    God:
Gold:   124        SH:  0    Dex:  9    Spells: 6/6 levels left

rFire    . . .     SeeInvis .   a - +0 war axe
rCold    . . .     Faith    .   (no shield)
rNeg     . . .     Spirit   .   h - +0 chain mail
rPois    .         Reflect  .   (helmet restricted)
rElec    .         Harm     .   (no cloak)
rCorr    .         Rampage  .   (no gloves)
Will     .....                  f - +0 pair of boots
Stlth    ..........             b - amulet of magic regeneration
HPRegen  0.19/turn              v - +4 ring of evasion
MPRegen  0.35/turn              (no ring)

@: mighty, lethally poisoned (0 -> -11)
A: horns 2, retaliatory headbutt
a: no special abilities


You were on level 8 of the Dungeon.
You visited 1 branch of the dungeon, and saw 6 of its levels.

You collected 124 gold pieces.

Inventory:

Hand Weapons
 a - a +0 war axe (weapon)
Armour
 c - a +0 kite shield
 f - a +0 pair of boots (worn)
 h - a +0 chain mail (worn)
Jewellery
 b - an amulet of magic regeneration (around neck)
 r - an amulet of faith
 v - a +4 ring of evasion (left hand)
Scrolls
 e - 6 scrolls of identify {unknown}
 l - a scroll of blinking {unknown}
 n - 3 scrolls of amnesia {unknown}
 o - a scroll of fear {unknown}
 q - 2 scrolls of magic mapping {unknown}
 t - a scroll of teleportation {unknown}
 u - a scroll of holy word {unknown}
Potions
 d - 4 potions of might
 g - 2 potions of curing {unknown}
 i - a potion of ambrosia {unknown}
 j - a potion of flight {unknown}
 k - 2 potions of mutation {unknown}
 m - a potion of berserk rage {unknown}
 p - a potion of magic {unknown}
 s - a potion of lignification {unknown}
 w - a potion of brilliance {unknown}


   Skills:
 - Level 4.0 Fighting
 + Level 9.2 Axes
 - Level 3.7 Armour
 - Level 3.6 Shields


You had 6 spell levels left.
You didn't know any spells.
Your spell library contained the following spells:

 Spells                   Type           Power      Damage    Failure   Level
 Inner Flame              Hex/Fire       0%         N/A       100%        3
 Cause Fear               Hex            0%         N/A       100%        4
 Discord                  Hex            0%         N/A       100%        8


Dungeon Overview and Level Annotations

Branches:
Dungeon (5/15)
 Temple: D:4-7

Altars:
Elyvilon


Innate Abilities, Weirdness & Mutations

You have a pair of horns on your head.
You reflexively headbutt those who attack you in melee.


Message History

A gnoll comes into view.
It is wielding a +2 halberd of holy wrath.
The gnoll sergeant moves out of view.
A gnoll comes into view. It is wielding a +0 flail.
The gnoll shouts! x2
A gnoll comes into view. It is wielding a +0 club.
The gnoll sergeant hits you from afar with a +3 spear of venom.
You are poisoned.
You feel very sick.
You feel very sick.
You feel sick.
You feel sick.
You feel sick.
The gnoll shouts!
You feel sick.
You feel sick.
The gnoll sergeant hits you but does no damage.
You are more poisoned.
You feel sick.
The gnoll sergeant hits you from afar with a +3 spear of venom!
You are more poisoned.
You feel very sick.
You feel very sick.
You feel very sick.
You feel very sick.
v - a +4 ring of evasion (left hand)
You feel sick.
You feel very mighty all of a sudden.
You feel sick.
The gnoll sergeant hits you from afar with a +3 spear of venom.
* * * LOW HITPOINT WARNING * * *
You are lethally poisoned!
* * * LOW HITPOINT WARNING * * *
You feel very sick.
You slash the gnoll!
You kill the gnoll!
The gnoll sergeant blocks your attack.
* * * LOW HITPOINT WARNING * * *
You feel very sick.
The gnoll sergeant hits you with a +3 spear of venom.
You die...

#........# ...
.########....g...# ..#
.............g...# ..#
..........######.##..###
........g.g.g...........
#####g...######.#..####
#g#### .##.g......
######)####...##g....###
.......g@........g....+
......................#
+######.####...####.....
...# .... ..####+ .....
.g... .. .....## .. ..
... ..... . .....


You could see a gnoll sergeant and 2 gnolls.

Vanquished Creatures
  A sky beast (D:5)
  3 orc priests
  2 iguanas (D:4)
  3 orc wizards
  A killer bee zombie (D:5)
  A howler monkey zombie (D:5)
  A gnoll (D:8)
  7 adders
  A shadow imp (D:5)
  An ufetubus (D:5)
  2 adder skeletons (D:4)
  4 dart slugs
  10 orcs
  5 ball pythons
  8 endoplasms
  3 giant cockroaches
  7 goblins
  9 hobgoblins
  18 jackals
  4 quokkas
  9 bats
  3 frilled lizards (D:1)
  8 kobolds
  A quokka skeleton (D:4)
  5 rats
117 creatures vanquished.

Notes
Turn   | Place    | Note
-------+----------+-------------------------------------------
     0 | D:1      | Rallik the Minotaur Fighter began the quest for the Orb.
     0 | D:1      | Reached XP level 1. HP: 19/19 MP: 0/0
   145 | D:1      | Reached skill level 3 in Axes
   147 | D:1      | Reached XP level 2. HP: 27/27 MP: 1/1
   567 | D:1      | Reached skill level 4 in Axes
   574 | D:1      | Reached XP level 3. HP: 31/33 MP: 2/2
  1307 | D:2      | Reached skill level 5 in Axes
  1309 | D:2      | Reached XP level 4. HP: 36/40 MP: 3/3
  2183 | D:3      | Found a faded altar of an unknown god.
  2546 | D:3      | Reached skill level 6 in Axes
  2675 | D:3      | Found a white marble altar of Elyvilon.
  3246 | D:4      | Reached XP level 5. HP: 46/46 MP: 4/4
  3745 | D:4      | Reached skill level 7 in Axes
  3769 | D:4      | HP: 1/46 [something/magic dart (6)]
  4290 | D:4      | Reached XP level 6. HP: 39/52 MP: 5/5
  4518 | D:5      | Entered Level 5 of the Dungeon
  4746 | D:5      | Reached skill level 8 in Axes
  4861 | D:5      | Noticed a sky beast
  4883 | D:5      | Killed a sky beast
  5276 | D:4      | Reached skill level 9 in Axes
  5276 | D:4      | Reached XP level 7. HP: 54/59 MP: 6/6
  5393 | D:5      | You fall into a shaft and drop 3 floors!
  5432 | D:8      | HP: 2/59 [poisoned by a gnoll sergeant]
  5432 | D:8      | Slain by a gnoll sergeant

Illustrated notes

Levels and vault maps discovered:
D:1:      wander_arrival_estate, layout_basic
D:2:      layout_basic
D:3:      layout_basic, mainiacjoe_overflow_paths,
          shapermc_ecumenical_altar_venn
D:4:      layout_basic, kennysheep_generic_room_7
D:5:      layout_basic, serial_shops, shop, st_stairs_9, water_maze_lemuel
D:8:      layout_basic

Skill      XL: |  1  2  3  4  5  6 |
---------------+-------------------+-----
Axes           | 3 4 5 6 7 9 |  9.2
Fighting       | 4 |  4.0
Armour         | |  3.7
Shields        | |  3.6

Action                   |  1- 3 |  4- 6 |  7- 9 || total
-------------------------+-------+-------+-------++-------
Melee: War axe           |    64 |   185 |     4 ||   253
       Headbutt          |    11 |    26 |     1 ||    38
  Use: Potion            |       |       |     1 ||     1
Armor: Scale mail        |     8 |       |       ||     8
       Chain mail        |    23 |   134 |     1 ||   158
Dodge: Dodged            |    35 |    88 |     1 ||   124
Block: Kite shield       |     5 |       |       ||     5
